 Dungeon Crawl Stone Soup version 0.29.1-debian-4-g95531337e3 (webtiles) character file.

Game seed: 9084692192567743925

240 Colgate the Insei (level 6, -2/43 HPs)
             Began as an Octopode Transmuter on Sept 13, 2022.
             Slain by an orc priest
             ... wielding a +0 falchion
              (7 damage)
             ... on level 4 of the Dungeon.
             The game lasted 00:16:52 (5275 turns).

Colgate the Insei (Octopode Transmuter)             Turns: 5275, Time: 00:16:53

Health: -2/43      AC:  2    Str: 10    XL:     6   Next: 8%
Magic:  0/9        EV: 19    Int: 17    God:
Gold:   172        SH:  0    Dex: 17    Spells: 3/9 levels left

rFire   . . .      SeeInvis .     - Unarmed
rCold   . . .      Faith    .   (shield currently unavailable)
rNeg    . . .      Spirit   +   (helmet currently unavailable)
rPois   x          Reflect  .   c - amulet of guardian spirit
rElec   .          Harm     .   d - ring of willpower
rCorr   .          Rampage  .   (no ring)
Will    +....                   (no ring)
Stlth   ++........              (no ring)
HPRegen 0.14/turn               (no ring)
MPRegen 0.11/turn               (no ring)
                                (no ring)
                                (no ring)

@: spider-form (expiring), very slightly contaminated
A: venomous fangs, almost no armour, (amphibious), 8 rings, tiny, (camouflage
1), (gelatinous body 1), (nimble swimmer 1), (tentacles)
a: End Transformation


You were on level 4 of the Dungeon.
You were a venomous arachnid creature.
You visited 1 branch of the dungeon, and saw 4 of its levels.

You collected 172 gold pieces.

Inventory:

Jewellery
 c - an amulet of guardian spirit (around neck)
 d - a ring of willpower (left front leg)
Scrolls
 e - a scroll of immolation {unknown}
 g - a scroll of amnesia {unknown}
 h - a scroll of acquirement {unknown}
 i - a scroll of fear
 k - a scroll of teleportation {unknown}
Potions
 a - a potion of lignification
 b - a potion of brilliance
 j - a potion of flight


   Skills:
 - Level 4.0 Fighting
 - Level 2.0 Dodging
 - Level 1.1 Stealth
 + Level 4.5 Unarmed Combat
 - Level 2.0 Spellcasting
 - Level 3.0 Transmutations


You had 3 spell levels left.
You knew the following spells:

 Your Spells              Type           Power      Damage    Failure   Level
a - Beastly Appendage     Tmut           22%        N/A       16%         1
b - Wereblood             Tmut           11%        N/A       22%         2
c - Spider Form           Tmut/Pois      6%         N/A       52%         3

Your spell library contained the following spells:

 Spells                   Type           Power      Damage    Failure   Level
 Ice Form                 Ice/Tmut       6%         N/A       87%         4


Dungeon Overview and Level Annotations

Branches:
Dungeon (4/15)
 Temple: D:4-7

Altars:
Dithmenos
Fedhas

Annotations:
D:1 MYL Alttari
D:3 NS1 alttari


Innate Abilities, Weirdness & Mutations

You are a venomous arachnid creature.
You have poisonous fangs.
You are tiny and dextrous.
Your spellcasting is less reliable in this form.
Your armour is entirely melded.
You are incapable of wielding weapons or throwing items.
You cannot wear most types of armour.
((You are amphibious.))
You can wear up to eight rings at the same time.
((Your skin changes colour to match your surroundings (Stealth+).))
((Your rubbery body absorbs attacks. (AC +1, EV +1)))
((You are camouflaged when in or above water. (Stealth+)))
((You have tentacles for arms and can constrict up to eight enemies at once.))


Message History

The orc priest mumbles some strange prayers to Beogh against you.
Beogh smites you!
The orc priest mumbles some strange prayers to Beogh against you.
Beogh smites you!
* * * LOW HITPOINT WARNING * * *
You hear a shout! x2
You hit the orc priest.
The orc priest looks as sick as possible!
The orc priest misses you.
You hit the orc priest.
The orc priest looks as sick as possible!
The orc priest hits you with a +0 dagger.
* * * LOW HITPOINT WARNING * * *
You hit the orc priest but do no damage.
The orc priest looks as sick as possible!
An orc comes into view. It is wielding a +0 hand axe.
The orc priest hits you with a +0 dagger.
* * * LOW HITPOINT WARNING * * *
The orc hits you with a +0 short sword.
* * * LOW HITPOINT WARNING * * *
You bite the orc priest!
You kill the orc priest!
Your transformation is almost over.
The orc priest looks braver for a moment.
You have reached level 6!
You barely miss the orc.
A hobgoblin comes into view.
The orc misses you.
You hit the orc.
The orc is poisoned.
You bite the orc!
You kill the orc!
You hit the orc priest.
The orc priest looks as sick as possible!
An orc comes into view. It is wielding a +0 whip.
The orc priest hits you but does no damage.
You completely miss the orc priest. The orc priest closely misses you.
You hit the orc priest.
The orc priest looks as sick as possible!
The orc priest hits you with a +0 falchion!
You die...

........####
....#......##
.....<.o....##
.......g.....#
.........)...#
.........$...#
......oo.....#
......)s.....#
.............#
..........).##...
.................
.......##$####.#
......# #.#
...... #.##
...... #..#
..#### ##.## #


You could see an orc priest (extremely poisoned), 2 orcs and a hobgoblin.

Vanquished Creatures
  An orc priest (D:4)
  Natasha (twice) (D:3)
  5 adders
  3 dart slugs
  5 orcs
  9 bats
  4 endoplasms (D:1)
  5 giant cockroaches
  11 goblins
  11 hobgoblins
  A quokka (D:1)
  6 ball pythons
  4 frilled lizards
  9 kobolds
  5 rats
81 creatures vanquished.

Vanquished Creatures (others)
  Natasha (D:3)
1 creature vanquished.

Grand Total: 82 creatures vanquished

Notes
Turn   | Place    | Note
-------+----------+-------------------------------------------
     0 | D:1      | Colgate the Octopode Transmuter began the quest for the
                  | Orb.
     0 | D:1      | Reached XP level 1. HP: 13/13 MP: 3/3
   229 | D:1      | Reached XP level 2. HP: 16/18 MP: 3/5
   245 | D:1      | Learned a level 2 spell: Wereblood
   781 | D:1      | Found a faded altar of an unknown god.
   816 | D:1      | Reached XP level 3. HP: 18/23 MP: 6/6
   820 | D:1      | Learned a level 3 spell: Spider Form
  1459 | D:2      | Found a blossoming altar of Fedhas.
  2235 | D:2      | Reached skill level 1 in Stealth
  2298 | D:2      | Reached XP level 4. HP: 28/28 MP: 3/7
  3053 | D:3      | Noticed Natasha
  3078 | D:3      | Killed Natasha
  3311 | D:3      | Reached XP level 5. HP: 32/36 MP: 3/8
  3415 | D:3      | Noticed Natasha
  3434 | D:3      | Killed Natasha
  4246 | D:3      | Noticed Natasha
  4263 | D:3      | Killed Natasha
  4628 | D:3      | Found a faded altar of an unknown god.
  4632 | D:3      | Found a shadowy altar of Dithmenos.
  5270 | D:4      | Reached XP level 6. HP: 4/43 MP: 1/9
  5275 | D:4      | Slain by an orc priest

Illustrated notes

Levels and vault maps discovered:
D:1:      matt_arrival_grand_opening, layout_rooms,
          shapermc_ecumenical_altar_mp_highgroup, minmay_pentomino_u2
D:2:      layout_loops_ring, basic_altar
D:3:      layout_basic, nicolae_overflow_ecumenical_swirl, st_stairs_14,
          uniq_natasha
D:4:      layout_rooms, mainiacjoe_overflow_boulevard, uniq_grinder

Skill      XL: |  1  2  3  4  5 |
---------------+----------------+-----
Unarmed Combat | 4 |  4.5
Transmutations | 3 |  3.0
Stealth        | 1 |  1.1
Fighting       | 3 4 |  4.0
Dodging        | |  2.0
Spellcasting   | |  2.0

Action                   |  1- 3 |  4- 6 || total
-------------------------+-------+-------++-------
Melee: Unarmed           |    91 |   104 ||   195
       Constrict         |    24 |     9 ||    33
       Kick              |     9 |       ||     9
       Tentacles         |     9 |     6 ||    15
       Punch             |     2 |     1 ||     3
 Cast: Beastly Appendage |    10 |       ||    10
       Spider Form       |    10 |    25 ||    35
       Wereblood         |     1 |     1 ||     2
  Use: Scroll            |       |     3 ||     3
 Stab: Sleeping          |     7 |       ||     7
       Distracted        |       |     1 ||     1
Armor: Skin              |    11 |     9 ||    20
Dodge: Dodged            |    58 |    70 ||   128
